 Dungeon Crawl Stone Soup version 0.21-a0-283-g622b906 (webtiles) character file.

4 nono the Charmwright (level 1, -3/18 HPs)
             Began as a Gnoll Skald on Sept 24, 2017.
             Slain by a kobold
             ... wielding a +0 short sword of electrocution
              (11 damage)
             ... on level 1 of the Dungeon.
             The game lasted 00:00:46 (107 turns).

nono the Charmwright (Gnoll Skald)                   Turns: 107, Time: 00:00:46

Health: -3/18      AC:  3    Str:  7    XL:     1   Next: 60%
Magic:  4/4        EV: 11    Int:  7    God:
Gold:   13         SH:  0    Dex:  7    Spells: 5/6 levels left

rFire    . . .     SeeInvis .   a - +0 mace
rCold    . . .     Gourm    .   (no shield)
rNeg     . . .     Faith    .   b - +0 leather armour
rPois    .         Spirit   .   (no helmet)
rElec    .         Reflect  .   (no cloak)
rCorr    .         Harm     .   (no gloves)
MR       .....                  (no boots)
Stlth    +.........             (no amulet)
HPRegen  0.06/turn              (no ring)
MPRegen  0.09/turn              (no ring)

@: no status effects
A: unchanging attributes, fangs 1, strong nose
a: no special abilities


You were on level 1 of the Dungeon.
You were not hungry.

You visited 1 branch of the dungeon, and saw 1 of its levels.

You collected 13 gold pieces.

Inventory:

Hand Weapons
 a - a +0 mace (weapon)
Missiles
 f - 23 sling bullets
Armour
 b - a +0 leather armour (worn)
Scrolls
 e - a scroll of fog {unknown}
Potions
 g - a potion of heal wounds {unknown}
Books
 c - a book of Battle

   Spells                             Type                      Level
   a - Infusion                       Charms                       1
   b - Shroud of Golubria             Charms/Translocation         2
   c - Song of Slaying                Charms                       2
   d - Spectral Weapon                Hexes/Charms                 3
   e - Regeneration                   Charms/Necromancy            3
Comestibles
 d - a bread ration
 h - 4 chunks of flesh


   Skills:
 + Level 3.0 Fighting
 - Level 2.6 Maces & Flails
 + Level 1.8 Armour
 - Level 2.6 Dodging
 - Level 3.0 Spellcasting
 - Level 4.0 Charms


You had 5 spell levels left.
You knew the following spells:

 Your Spells              Type           Power        Failure   Level  Hunger
a - Infusion              Chrm           #...         10%         1    ##.....


Dungeon Overview and Level Annotations

Branches:
Dungeon (1/15)

Altars:


Innate Abilities, Weirdness & Mutations

Your physical attributes are unchanging.
You have very sharp teeth.
Your uncanny sense of smell can sniff out nearby items.


Message History

HP restored. 2 kobolds come into view.
A kobold is wielding a short sword of electrocution.
The kobold shouts! x2; You hear a shout!
The kobold throws a stone.
The stone hits you but does no damage.
The kobold throws a stone.
The stone hits you but does no damage.
A rat comes into view.
You see here a stone.
A goblin comes into view.
The goblin shouts!
The kobold throws a stone.
The stone hits you.
You see here a stone.
A frilled lizard comes into view.
The kobold hits you with a short sword of electrocution.
You hit the kobold.
The kobold is moderately wounded.
The kobold hits you with a short sword of electrocution.
You are electrocuted!
Ouch! That really hurt!
You die...

..... .b...######
.........# ...l....#
#.g....# #......## ∆
#.......# #..K@...#
# #.....(.# ..#
######
#######(#..###
.....#
#..............
####.#
######.#####....K...
...#.###........#
#........
##.#...'.)......#
##....r..
#.#####........#
....... #.#
#........# #+#####


You could see a goblin, a bat, 2 kobolds and a frilled lizard.

Vanquished Creatures
  2 goblins (D:1)
  A hobgoblin (D:1)
3 creatures vanquished.

Notes
Turn   | Place    | Note
-------+----------+-------------------------------------------
     0 | D:1      | nono the Gnoll Skald began the quest for the Orb.
     0 | D:1      | Reached XP level 1. HP: 17/17 MP: 4/4
   107 | D:1      | Slain by a kobold

Vault maps used:
D:1:      minmay_arrival_cross, minivault_23, hangedman_decor_riveting

Skill      XL: |  1 |
---------------+----+-----
Fighting       | 3 |  3.0
Maces & Flails | |  2.6
Armour         | |  1.8
Dodging        | |  2.6
Spellcasting   | |  3.0
Charms         | |  4.0

Action                   || total
-------------------------++-------
Melee: Mace              ||    10
Armor: Leather armour    ||     4
Dodge: Dodged            ||     2

Table legend:
 A = Spawn XP
 B = Non-spawn XP
 C = Spawn XP percentage of total XP
 D = Spawn monster count
 E = Non-spawn monster count
 F = Spawn count percentage of total count
 G = Total turns spent on level
                    A         B        C        D         E        F      G
               +---------+---------+-------+---------+---------+-------+---------
         Total |       0 |       6 |   0.0 |       0 |       3 |   0.0 |   107
               +---------+---------+-------+---------+---------+-------+---------
           D:1 |       0 |       6 |   0.0 |       0 |       3 |   0.0 |   107
               +---------+---------+-------+---------+---------+-------+---------
